 Dungeon Crawl Stone Soup version 0.28-a0-43-g560ac104fe (webtiles) character file.

Game seed: 15899581736614594669

4 Foolio the Skirmisher (level 1, -2/18 HPs)
             Began as a Demonspawn Chaos Knight on July 28, 2021.
             Was a Plaything of Xom.
             Slain by a kobold (4 damage)
             ... on level 1 of the Dungeon.
             The game lasted 00:00:46 (159 turns).

Foolio the Skirmisher (Demonspawn Chaos Knight)      Turns: 159, Time: 00:00:46

Health: -2/18      AC:  5    Str: 12    XL:     1   Next: 50%
Magic:  0/1        EV: 11    Int: 13    God:    Xom [..*...]
Gold:   12         SH:  0    Dex: 12    Spells: 0/0 levels left

rFire   . . .      SeeInvis .   a - +0 falchion (chaos)
rCold   . . .      Faith    .   (no shield)
rNeg    . . .      Spirit   .   b - +2 leather armour
rPois   .          Reflect  .   (no helmet)
rElec   .          Harm     .   (no cloak)
rCorr   .          Rampage  .   (no gloves)
Will    .....                   (no boots)
Stlth   +.........              (no amulet)
HPRegen 0.06/turn               (no ring)
MPRegen 0.07/turn               (no ring)

@: no status effects
A: no striking features
a: Renounce Religion


You were on level 1 of the Dungeon.
You worshipped Xom.
You were a toy of Xom.
You visited 1 branch of the dungeon, and saw 1 of its levels.

You collected 12 gold pieces.

Inventory:

Hand Weapons
 a - a +0 falchion of chaos (weapon)
Armour
 b - a +2 leather armour (worn)


   Skills:
 * Level 3.0 Fighting
 * Level 2.8 Long Blades
 * Level 1.8 Armour
 * Level 0.9 Dodging


You couldn't memorise any spells.
You didn't know any spells.
Your spell library was empty.

Dungeon Overview and Level Annotations

Branches:
Dungeon (1/15)

Altars:


Message History

You hit the glowing shapeshifter. You freeze the glowing shapeshifter.
The glowing shapeshifter is heavily wounded.
The glowing shapeshifter changes into a quicksilver ooze!
The bat hits you but does no damage. The rat misses you.
The rat closely misses you.
You riposte.
You hit the rat.
The rat is poisoned.
The rat is severely wounded.
You hit the rat but do no damage.
The rat appears confused.
The rat is severely wounded.
You kill the rat!
The bat closely misses you. The quicksilver ooze hits you.
The quicksilver ooze engulfs you! The quicksilver ooze hits you!
Ouch! That really hurt!
* * * LOW HITPOINT WARNING * * *
A shower of butterflies erupts from you!
You feel your power leaking away.
You are too injured to fight recklessly!
You are too injured to fight recklessly!
You are too injured to fight recklessly!
You slip free of the ooze engulfing you.
You gasp with relief as air once again reaches your lungs.
The quicksilver ooze changes into an ice dragon!
The bat hits you but does no damage.
You swap places.
The bat barely misses you. The bat closely misses you.
You riposte.
You barely miss the bat.
The ice dragon completely misses your butterfly.
The ice dragon closely misses your butterfly.
The ice dragon tramples your butterfly!
Your butterfly is shoved backwards!
Your butterfly dies!
A goblin and a kobold come into view.
The kobold shouts!
The bat hits you but does no damage.
The goblin moves out of view.
The bat hits you but does no damage.
Found 10 gold pieces.
The ice dragon changes into an ettin!
The bat barely misses you. x2
A jackal comes into view.
The jackal barks!
The ettin changes into a spark wasp!
The bat closely misses you. The kobold hits you with a +0 club.
You die...
Xom thinks this is hilarious!

.#...$...##..#......#
........###..#......#
..........##.###..###
......y.b....# ....#
.....#.......#.....#
.....#.............#
...# #....##.......#
... #.#...#......# ..
#.#@b.##.....#
#...K.# .....#
#.....# #+##.#
#.....g. ##.......
.....$.... ....####h.
.....# ..


You could see a spark wasp shaped shifter (ally target), a jackal, a goblin, a
bat and a kobold.

Vanquished Creatures
  A giant cockroach (D:1)
  2 frilled lizards (D:1)
  A kobold (D:1)
  A rat (D:1)
5 creatures vanquished.

Notes
Turn   | Place    | Note
-------+----------+-------------------------------------------
     0 | D:1      | Foolio the Demonspawn Chaos Knight began the quest for the
                  | Orb.
     0 | D:1      | Reached XP level 1. HP: 18/18 MP: 1/1
   150 | D:1      | Noticed a glowing shapeshifter
   150 | D:1      | a ball python changed into a glowing shapeshifter
   151 | D:1      | Noticed a quicksilver ooze
   151 | D:1      | a glowing shapeshifter changed into a quicksilver ooze
   152 | D:1      | XOM: butterfly on damage
   153 | D:1      | Noticed an ice dragon
   153 | D:1      | a quicksilver ooze changed into an ice dragon
   158 | D:1      | Noticed an ettin
   158 | D:1      | an ice dragon changed into an ettin
   159 | D:1      | Noticed a spark wasp
   159 | D:1      | an ettin changed into a spark wasp
   159 | D:1      | Slain by a kobold

Illustrated notes

Levels and vault maps discovered:
D:1:      kilobyte_arrival_exit_the_forest, layout_basic,
          hellmonk_ecumenical_altar_blasted

Action                   || total
-------------------------++-------
Melee: Falchion          ||    14
Armor: Leather armour    ||    12
Dodge: Dodged            ||    21
       Rpst.: Falchion   ||     7

Table legend: (Time is in decaauts)
 A = Elapsed time spent in this place.
 B = Non-inter-level travel time spent in this place.
 C = Inter-level travel time spent in this place.
 D = Time resting spent in this place.
 E = Time spent auto-exploring this place.
 F = Levels seen in this place.
 G = Mean time per level.
                   A        B        C        D        E       F      G
               +--------+--------+--------+--------+--------+-----+--------+
         Total |    162 |    162 |      0 |      0 |    118 |   1 |  162.0 |
       Dungeon |    162 |    162 |      0 |      0 |    118 |   1 |  162.0 |
               +--------+--------+--------+--------+--------+-----+--------+

Top non-repeatable levels by time:
     D:1: 162 daAuts
